 Dungeon Crawl Stone Soup version 0.30.1-3-gfc49f6343a (webtiles) character file.

Game seed: 9345070420159300057

10280 shmup the Arsonist (level 11, -2/66 HPs)
             Began as a Tengu Fire Elementalist on Aug 10, 2023.
             Was a Believer of Sif Muna.
             Killed by an exploding blink frog (32 damage)
             ... ignited by their inner flame
             ... on level 1 of the Lair of Beasts.
             The game lasted 00:54:15 (15614 turns).

shmup the Arsonist (Tengu Fire Elementalist)       Turns: 15614, Time: 00:54:15

Health: -2/66      AC:  4    Str: 13    XL:     11   Next: 59%
Magic:  9/18       EV: 21    Int: 19    God:    Sif Muna [**....]
Gold:   117        SH:  0    Dex: 22    Spells: 5/18 levels left

rFire   . . .        b - +8 quarterstaff of the Manifold Knives {flame, rPois Str+3 Dex+2 Stlth+}
rCold   . . .        (shield currently unavailable)
rNeg    . . .        i - +0 robe
rPois   +            (helmet restricted)
rElec   .            q - +0 cloak
rCorr   .            B - +0 pair of gloves
SInv    .            (boots unavailable)
Will    .....        (no amulet)
Stlth   +++          N - +6 ring of dexterity
HPRegen 0.31/turn    z - ring of poison resistance
MPRegen 0.16/turn

%: no passive effects
@: flying quickly and evasively, quick
A: beak, talons 3, nimble flight
a: Renounce Religion, Channel Magic


You were on level 1 of the Lair of Beasts.
You worshipped Sif Muna.
Sif Muna was pleased with you.
You visited 3 branches of the dungeon, and saw 13 of its levels.

You collected 579 gold pieces.
You spent 462 gold pieces at shops.

Inventory:

Hand Weapons
 b - the +8 quarterstaff of the Manifold Knives (weapon) {flame, rPois Str+3 Dex+2 Stlth+}
   (You bought it in a shop on level 5 of the Dungeon)

   Str:       It affects your strength (+3).
   Dex:       It affects your dexterity (+2).
   rPois:     It protects you from poison.
   Stlth:     It makes you more stealthy.
 w - the +3 mace of Peril {antimagic, Fly rC+ Str+6 Int+2}
   (You found it on level 4 of the Dungeon)

   Str:       It affects your strength (+6).
   Int:       It affects your intelligence (+2).
   rC:        It protects you from cold.
   Fly:       It grants you flight.
 F - a +3 quarterstaff of chaos
 O - a +2 dagger of distortion
 R - a +0 short sword of speed
Missiles
 j - 13 stones
 r - 7 curare-tipped darts
 y - 13 boomerangs (quivered)
 I - 8 poisoned darts
Armour
 i - a +0 robe (worn)
 q - a +0 cloak (worn)
 B - a +0 pair of gloves (worn)
Magical Staves
 a - a staff of fire
Jewellery
 g - a ring of see invisible
 l - a ring of positive energy
 z - a ring of poison resistance (right hand)
 J - a +6 ring of strength
 L - a ring of resist corrosion
 N - a +6 ring of dexterity (left hand)
Wands
 C - a wand of iceblast (8)
 K - a wand of charming (10)
 P - a wand of digging (4)
 X - a wand of quicksilver (4)
 Y - a wand of flame (6)
Scrolls
 u - 3 scrolls of teleportation
 v - a scroll of magic mapping
 D - a scroll of poison
 G - 2 scrolls of vulnerability
 M - 3 scrolls of identify
 T - a scroll of immolation
 U - a scroll of butterflies
Potions
 c - 2 potions of magic
 d - 3 potions of degeneration
 e - 4 potions of might
 f - 2 potions of mutation
 h - 7 potions of heal wounds
 k - 2 potions of resistance
 m - 2 potions of lignification
 p - 13 potions of curing
 s - 2 potions of brilliance
 t - 3 potions of attraction
 A - a potion of invisibility
 Q - a potion of cancellation
 S - a potion of haste
Miscellaneous
 V - a condenser vane
 W - a piece from Xom's chessboard (15/15)


   Skills:
 + Level 6.5 Fighting
 * Level 7.6 Dodging
 - Level 2.0 Stealth
 - Level 4.0 Spellcasting
 - Level 10.7 Conjurations
 - Level 4.2 Hexes
 - Level 2.5 Translocations
 - Level 11.9 Fire Magic


You had 5 spell levels left.
You knew the following spells:

 Your Spells              Type           Power      Damage    Failure   Level
a - Foxfire               Conj/Fire      100%       2x1d9     1%          1
b - Scorch                Fire           98%        2d9       1%          2
c - Inner Flame           Hex/Fire       34%        N/A       1%          3
d - Volatile Blastmotes   Fire/Tloc      62%        2d15      1%          3
w - Flame Wave            Conj/Fire      46%        2d12      1%          4

Your spell library contained the following spells:

 Spells                   Type           Power      Damage    Failure   Level
 Apportation              Tloc           26%        N/A       4%          1
 Fulminant Prism          Conj/Hex       16%        3d11      6%          4
 Iskenderun's Mystic Bla  Conj/Tloc      29%        2d7       9%          4
 Gell's Gravitas          Tloc           13%        N/A       14%         3
 Teleport Other           Tloc           13%        N/A       14%         3
 Alistair's Intoxication  Tmut/Pois      2%         N/A       98%         5
 Lee's Rapid Deconstruct  Erth           1%         3d4*      98%         5
 Dispersal                Tloc           6%         N/A       100%        6


Dungeon Overview and Level Annotations

Branches:
Dungeon (10/15) Zot: 23586  Temple (1/1) D:6 Zot: 5977    Lair (2/5) D:9 Zot: 11628
  Swamp: Lair:2-3    Shoals: Lair:2-3     Snake: Lair:2-3    Spider: Lair:2-3
    Orc: D:9-12

Altars:
Ashenzari
Cheibriados
Dithmenos
Elyvilon
Fedhas
Gozag
Hepliaklqana
Kikubaaqudgha
Makhleb
Nemelex Xobeh
Okawaru
Sif Muna
Trog
Uskayaw
Vehumet
Wu Jian
Xom
Yredelemnul
Zin
The Shining One

Shops:
D:4 !   D:5 (   D:10 **

Annotations:
D:8 exclusion: downstairs
D:10 2 transporters


Innate Abilities, Weirdness & Mutations

You have a beak for a mouth.
You have claws for feet.
Your magical nature lets you fly swiftly and evasively.


Message History

A blink frog comes into view.
Casting: Scorch (safe; 1% risk of failure)
Confirm with . or Enter, or press ? or * to list all spells.
Aiming: Inner Flame (safe; 1% risk of failure)
Press: ? - help, Dir - move target, f - blink frog
Aim: a blink frog (chance to affect: 84%)
You feel a surge of power!
The blink frog is filled with an inner flame.
The blink frog blinks!
The blink frog hits you but does no damage.
Casting: Inner Flame (safe; 1% risk of failure)
Confirm with . or Enter, or press ? or * to list all spells.
Okay, then.
The blink frog completely misses you.
You see here a +0 whip.
The blink frog closely misses you.
You feel stronger.
You feel agile.
The +8 quarterstaff of the Manifold Knives {flame, rPois Str+3 Dex+2 Stlth+} bursts into flame!
b - the +8 quarterstaff of the Manifold Knives (weapon)
{flame, rPois Str+3 Dex+2 Stlth+} The blink frog barely misses you.
You barely miss the blink frog. Your peck misses the blink frog.
The blink frog hits you but does no damage.
The blink frog completely misses you.
Unknown command.
You hit the blink frog.
Flame seeps out of the blink frog.
You burn the blink frog.
Flame seeps out of the blink frog.
Your kick misses the blink frog. Your peck misses the blink frog.
The blink frog is moderately wounded.
The blink frog is engulfed in blazing flames.
Flame seeps out of the blink frog.
The blink frog completely misses you.
Unknown command.
You closely miss the blink frog.
The blink frog is heavily wounded.
The blink frog is engulfed in blazing flames.
Flame seeps out of the blink frog.
The blink frog misses you.
The blink frog is engulfed in blazing flames.
Sif Muna accepts your kill.
The blink frog explodes!
The fiery explosion engulfs you!!
You die...

.▒ ▒▒▒▒▒.▒▒▒▒▒▒▒..▒
.▒▒▒.▒▒............▒
.▒.
.▒▒..............▒.▒
▒.▒
....▒.......▒▒▒▒▒▒.▒
▒.▒ ..▒▒..▒.▒▒▒.▒
..▒ ▒▒.▒
..▒▒▒.▒..▒▒.▒ ▒▒.▒
.▒.▒▒ .▒▒ ▒.▒.▒▒▒.▒
▒..▒▒▒.▒▒.. .▒ ▒....
▒.▒▒▒▒▒▒.▒.▒.▒▒.▒
.▒▒▒▒.P.▒
▒...%.Q##....▒▒.▒▒
........▒
▒▒▒▒▒▒▒0#▒.▒▒▒▒..▒
.......▒▒
▒▒.........▒
▒▒▒▒▒▒.▒ ▒▒▒▒.▒▒▒▒▒▒
▒▒ ▒▒▒


There were no monsters in sight!

Vanquished Creatures
  Nergalle (D:10)
  Pikel (D:5)
  Joseph (D:10)
  An elephant (D:8)
  2 black mambas (Lair:1)
  A gargoyle (D:8)
  A cane toad (D:9)
  A komodo dragon (D:8)
  4 trolls
  A hornet (D:5)
  2 blink frogs (Lair:1)
  Grinder (D:5)
  Sigmund (D:2)
  9 yaks
  A vampire (D:9)
  A wraith (D:8)
  3 wyverns
  A basilisk (D:9)
  2 acid dragons
  3 water moccasins
  2 ice beasts
  2 sky beasts
  3 black bears
  2 centaurs
  A phantom (D:5)
  3 lemures (D:5)
  3 kobold brigands
  4 bullfrogs
  4 scorpions
  2 killer bees
  6 howler monkeys
  3 hounds
  3 jellies
  Crazy Yiuf (D:3)
  An orc priest (D:7)
  A gnoll bouda (D:7)
  2 sleepcaps
  3 iguanas
  Ijyb (D:3)
  Natasha (thrice) (D:3)
  6 orc wizards
  Robin (D:3)
  5 gnolls (D:7)
  9 adders
  A white imp (D:5)
  3 ufetubi
  A worm (D:5)
  3 dart slugs
  31 orcs
  6 endoplasms
  A giant cockroach (D:3)
  10 hobgoblins
  4 jackals
  A quokka (D:3)
  6 ball pythons (D:1)
  5 bats
  6 frilled lizards
  15 goblins
  14 kobolds
  4 rats
220 creatures vanquished.

Vanquished Creatures (collateral kills)
  A foxfire (D:3)
1 creature vanquished.

Vanquished Creatures (others)
  508 foxfires
508 creatures vanquished.

Grand Total: 729 creatures vanquished

Notes
Turn   | Place    | Note
-------+----------+-------------------------------------------
     0 | D:1      | shmup the Tengu Fire Elementalist began the quest for the
                  | Orb.
     0 | D:1      | Reached XP level 1. HP: 10/10 MP: 4/4
    95 | D:1      | Reached XP level 2. HP: 15/15 MP: 1/6
   380 | D:1      | Reached skill level 4 in Fire Magic
   543 | D:1      | Reached XP level 3. HP: 19/19 MP: 4/7
   936 | D:1      | Found a faded altar of an unknown god.
  1022 | D:2      | Learned a level 2 spell: Scorch
  1070 | D:2      | Noticed Sigmund
  1073 | D:2      | Killed Sigmund
  1074 | D:2      | Reached skill level 6 in Fire Magic
  1074 | D:2      | Reached XP level 4. HP: 14/24 MP: 1/8
  1074 | D:2      | Gained mutation: Your magical nature lets you fly swiftly
                  | and evasively. [Tengu growth]
  1074 | D:2      | Reached XP level 5. HP: 17/28 MP: 1/9
  1285 | D:2      | Reached XP level 6. HP: 32/32 MP: 6/10
  1672 | D:2      | You are sucked into a shaft and drop 2 floors!
  1724 | D:4      | Identified the +3 mace of Peril {antimagic, Fly rC+ Str+6
                  | Int+2}
  1916 | D:4      | Found Ostrur's Distillery.
  1955 | D:4      | Bought a potion of might for 40 gold pieces
  1955 | D:4      | Bought a potion of curing for 30 gold pieces
  2063 | D:4      | Bought a potion of brilliance for 40 gold pieces
  2546 | D:4      | Reached skill level 5 in Conjurations
  3055 | D:3      | Noticed Natasha
  3156 | D:3      | Killed Natasha
  3267 | D:3      | Reached skill level 7 in Fire Magic
  3423 | D:3      | Noticed Ijyb
  3439 | D:3      | Killed Ijyb
  3518 | D:3      | Noticed Natasha
  3676 | D:3      | Reached XP level 7. HP: 37/37 MP: 8/11
  3733 | D:3      | Killed Natasha
  3734 | D:3      | Reached skill level 1 in Fighting
  3957 | D:3      | Noticed Natasha
  3964 | D:3      | Killed Natasha
  4093 | D:3      | Found a runed translucent door.
  4094 | D:3      | Noticed Crazy Yiuf
  4151 | D:3      | Noticed Robin
  4176 | D:3      | Killed Robin
  4716 | D:3      | Killed Crazy Yiuf
  4970 | D:5      | Entered Level 5 of the Dungeon
  5159 | D:5      | Found Feru's Antique Weapon Shoppe.
  5319 | D:5      | Noticed a hornet
  5333 | D:5      | Killed a hornet
  5334 | D:5      | Reached XP level 8. HP: 48/48 MP: 1/12
  5422 | D:5      | Found a glowing silver altar of Zin.
  5424 | D:5      | Found a broken altar of Ashenzari.
  5621 | D:5      | Reached skill level 5 in Dodging
  5711 | D:5      | Noticed Grinder
  5752 | D:5      | Noticed Pikel
  5761 | D:5      | Found a shimmering altar of Xom.
  5761 | D:5      | Found a shimmering altar of Xom.
  5762 | D:5      | Found a shimmering altar of Xom.
  5917 | D:5      | Killed Grinder
  6355 | D:5      | Killed Pikel
  6356 | D:5      | Reached XP level 9. HP: 55/55 MP: 2/13
  6636 | D:6      | Found a bloodstained altar of Trog.
  6776 | D:6      | Found a staircase to the Ecumenical Temple.
  6848 | Temple   | Entered the Ecumenical Temple
  6864 | Temple   | Became a worshipper of Sif Muna the Loreminder
  7023 | D:6      | Learned a level 3 spell: Inner Flame
  7331 | D:6      | Found a hide-covered altar of Uskayaw.
  7835 | D:7      | Found a sparkling altar of Nemelex Xobeh.
  7951 | D:7      | Reached skill level 8 in Fire Magic
  8329 | D:7      | Reached * piety under Sif Muna
  8493 | D:7      | Found an iron altar of Okawaru.
  9187 | D:8      | Reached skill level 9 in Fire Magic
  9638 | D:8      | Noticed a komodo dragon
  9755 | D:8      | Noticed a gargoyle
  9882 | D:8      | Killed a komodo dragon
  9883 | D:8      | Reached XP level 10. HP: 42/61 MP: 0/14
 10147 | D:8      | Killed a gargoyle
 10148 | D:8      | Reached skill level 10 in Fire Magic
 10286 | D:8      | Found an ancient bone altar of Kikubaaqudgha.
 10478 | D:8      | Found a snail-covered altar of Cheibriados.
 10484 | D:8      | Learned a level 4 spell: Flame Wave
 10584 | D:5      | Bought an encrusted quarterstaff for 252 gold pieces
 10584 | D:5      | Identified the +8 quarterstaff of the Manifold Knives
                  | {flame, rPois Str+3 Dex+2 Stlth+} (You bought it in a shop
                  | on level 5 of the Dungeon)
 10614 | D:4      | Bought a potion of haste for 100 gold pieces
 11033 | D:9      | Reached skill level 11 in Fire Magic
 11328 | D:9      | Learned a level 3 spell: Volatile Blastmotes
 11678 | D:10     | Entered Level 10 of the Dungeon
 11895 | D:10     | Reached skill level 1 in Hexes
 11985 | D:10     | Noticed Joseph
 11997 | D:10     | Killed Joseph
 11998 | D:10     | Reached skill level 1 in Translocations
 12178 | D:10     | Identified the +2 pair of boots "Gonuhub" {Rampage *Slow
                  | rF- Str+5}
 12179 | D:10     | Found a transporter.
 12181 | D:10     | Noticed a fire crab
 12182 | D:10     | Noticed a kobold demonologist
 12182 | D:10     | Noticed an orc high priest
 12183 | D:10     | Noticed a kobold demonologist
 12183 | D:10     | Noticed a kobold demonologist
 12193 | D:10     | Found a transporter.
 12294 | D:10     | Reached ** piety under Sif Muna
 12521 | D:10     | Noticed a kobold demonologist
 12522 | D:10     | Noticed a kobold demonologist
 12528 | D:10     | Found Vaulos's Changing Room.
 12585 | D:10     | Found Xorerax's Assorted Antiques.
 12606 | D:10     | Found a shadowy altar of Dithmenos.
 12961 | D:10     | Reached skill level 10 in Conjurations
 12961 | D:10     | Reached XP level 11. HP: 66/66 MP: 1/15
 13192 | D:10     | Noticed Nergalle
 13780 | D:10     | Killed Nergalle
 14861 | D:9      | Found a staircase to the Lair.
 14870 | Lair:1   | Entered Level 1 of the Lair of Beasts
 15048 | D:9      | HP: 3/66 [poisoned by a cane toad]
 15614 | Lair:1   | Killed by an exploding blink frog... ignited by their inner
                  | flame

Illustrated notes

Levels and vault maps discovered:
D:1:      minmay_arrival_shoal_huts, layout_rooms,
          shapermc_ecumenical_altar_mp_vishouse
D:2:      layout_loops_ring, uniq_sigmund
D:3:      layout_basic, uniq_natasha, uniq_crazy_yiuf_cottage, uniq_ijyb,
          uniq_robin
D:4:      layout_loops_ring, serial_forest, infiniplex_forest_end_3,
          infiniplex_forest_zigzag_1, infiniplex_forest_clump_cross,
          infiniplex_forest_clump_double, nicolae_stop_n_shop_1
D:5:      layout_basic, xom_redecorated, jmf_multi_god_temple, serial_shops,
          nicolae_lakefront_shop, uniq_grinder, uniq_pikel
D:6:      layout_rooms, bloody_trog, mainiacjoe_overflow_alcove_2,
          minmay_temple_entry_statues_pillars
D:7:      layout_basic, mainiacjoe_overflow_catwalk, lemuel_crystal_altar
D:8:      layout_basic, mainiacjoe_overflow_alcove_1, kennysheep_mini,
          minmay_chambers_of_fives
D:9:      layout_small_grid, lemuel_round_altar, grunt_qazlal_clouds,
          david_lair_generic, minmay_checkerbox
D:10:     gammafunk_wand_slinger, layout_basic, mainiacjoe_overflow_paths,
          serial_shops, shop, minmay_misc_feat_tower,
          nicolae_transmutations_shop, statue_in_the_mist_lemuel, uniq_joseph,
          uniq_nergalle
Temple:   hellmonk_temple_rainy
Lair:1:   lemuel_slime, layout_loops_ring
Lair:2:   layout_hall_layers, hellmonk_spider_entry_life_and_decay,
          cheibrodos_lair_reptile_den, infiniplex_staircase_pool_2

Skill      XL: |  1  2  3  4  5  6  7  8  9 10 11 |
---------------+----------------------------------+-----
Conjurations   | 2 4 5 7 10 | 10.7
Fire Magic     | 4 6 7 9 11 | 11.9
Fighting       | 3 6 |  6.5
Dodging        | 4 7 |  7.6
Hexes          | 2 4 |  4.2
Translocations | 1 2 |  2.5
Spellcasting   | 4 |  4.0
Stealth        | |  2.0

Action                     |  1- 3 |  4- 6 |  7- 9 | 10-12 || total
---------------------------+-------+-------+-------+-------++-------
  Melee: Staff             |       |     3 |     1 |     1 ||     5
         Short sword       |       |       |     4 |     1 ||     5
         Kick              |       |       |     3 |     2 ||     5
         Peck              |       |       |     1 |     1 ||     2
         Quarterstaff      |       |       |       |     9 ||     9
   Cast: Foxfire           |    37 |    54 |   136 |    84 ||   311
         Scorch            |     3 |    13 |   103 |    91 ||   210
         Inner Flame       |       |       |       |    21 ||    21
         Volatile Blastmot |       |       |       |     1 ||     1
         Flame Wave        |       |       |       |     3 ||     3
  Evoke: Piece from Xom's  |       |       |       |     2 ||     2
         Wand              |       |       |       |     1 ||     1
    Use: Scroll            |     2 |     8 |     9 |     3 ||    22
 Armour: Robe              |     3 |     1 |     3 |     7 ||    14
  Dodge: Dodged            |     5 |    11 |    46 |    72 ||   134
